 Dungeon Crawl Stone Soup version 0.30-a0-1123-gabc949cf19 (webtiles) character file.

Game seed: 3535517679002919364

74 cheesebisquit the Trooper (level 4, -3/38 HPs)
             Began as a Draconian Fire Elementalist on Apr 22, 2023.
             Killed from afar by Natasha (7 damage)
             ... with a magic dart
             ... on level 2 of the Dungeon.
             The game lasted 00:03:57 (1790 turns).

cheesebisquit the Trooper (DrFE)                    Turns: 1790, Time: 00:03:57

Health: -3/38      AC:  5    Str: 10    XL:     4   Next: 10%
Magic:  3/8        EV: 12    Int: 18    God:
Gold:   66         SH:  0    Dex: 11    Spells: 8/9 levels left

rFire   . . .        e - +0 whip
rCold   . . .        (no shield)
rNeg    . . .        (body armour unavailable)
rPois   .            (helmet restricted)
rElec   .            (no cloak)
rCorr   .            (no gloves)
SInv    .            (no boots)
Will    .....        (no amulet)
Stlth   ++           (no ring)
HPRegen 0.26/turn    (no ring)
MPRegen 0.11/turn

%: no passive effects
@: very slightly contaminated, slowed, very slow
A: AC +5, unfitting armour, cold-blooded
a: no special abilities


You were on level 2 of the Dungeon.
You visited 1 branch of the dungeon, and saw 2 of its levels.

You collected 66 gold pieces.

Inventory:

Hand Weapons
 e - a +0 whip (weapon)
Wands
 g - a wand of polymorph (9)
Scrolls
 b - a scroll of amnesia {unknown}
 c - 4 scrolls of identify {unknown}
 d - 2 scrolls of fear {unknown}
 h - a scroll of silence {unknown}
Potions
 a - a potion of berserk rage {unknown}
 f - 2 potions of curing {unknown}


   Skills:
 + Level 3.1 Fighting
 - Level 1.7 Dodging
 - Level 1.7 Stealth
 + Level 3.0 Spellcasting
 - Level 1.0 Conjurations
 - Level 3.0 Fire Magic


You had 8 spell levels left.
You knew the following spells:

 Your Spells              Type           Power      Damage    Failure   Level
a - Foxfire               Conj/Fire      36%        2x1d5     7%          1

Your spell library contained the following spells:

 Spells                   Type           Power      Damage    Failure   Level
 Scorch                   Fire           26%        2d6       7%          2
 Inner Flame              Hex/Fire       8%         N/A       26%         3
 Volatile Blastmotes      Fire/Tloc      16%        2d11      26%         3
 Flame Wave               Conj/Fire      9%         2d6       56%         4


Dungeon Overview and Level Annotations

Branches:
Dungeon (2/15)

Altars:

Annotations:
D:2 Natasha


Innate Abilities, Weirdness & Mutations

Your plain brown scales are hard. (AC +5)
You cannot fit into any form of body armour.
You are cold-blooded and may be slowed by cold attacks.


Message History

Natasha wildly gestures.
You feel disoriented. Natasha casts a spell at you.
You feel yourself slow down.
The cerulean imp hits you from afar with a +2 spear.
You miscast Foxfire.
You are very lightly contaminated with residual magic.
Nothing appears to happen.
Natasha completely misses you.
The cerulean imp hits you from afar with a +2 spear.
Natasha claws you.
You closely miss Natasha.
Natasha is severely wounded.
The cerulean imp hits you from afar with a +2 spear.
Natasha mumbles some strange words.
The cerulean imp closely misses you.
Natasha stares at you and mumbles some strange words.
You resist with some effort.
You are too injured to fight recklessly!
Casting: Foxfire (safe; 7% risk of failure)
Press: ? - help, Q - select action, (/) - cycle Dir - look around, f - activate You conjure some foxfire!
The cerulean imp completely misses you. Natasha claws you!
* * * LOW HITPOINT WARNING * * *
The cerulean imp closely misses you.
You closely miss Natasha.
Natasha is severely wounded.
The foxfire hits Natasha.
Natasha is almost dead.
The foxfire hits the cerulean imp.
The cerulean imp is moderately wounded.
The cerulean imp closely misses you. Natasha casts a spell at you.
The magic dart hits you.
* * * LOW HITPOINT WARNING * * *
The cerulean imp hits you with a +0 spear.
* * * LOW HITPOINT WARNING * * *
The cerulean imp barely misses you. Natasha casts a spell at you.
The magic dart hits you!
You die...

.#.####.######.# #.#
...............# #.#
........######## #.#
##.###### #..
#.##################
#...............#
###############.#
##5## #.@.# #..h.5#
#.......# #.........
#.......###
##.....## ##...##
#####


You could see Natasha and 2 cerulean imps.

Vanquished Creatures
  Terence (D:2)
  An adder (D:2)
  A dart slug (D:1)
  6 ball pythons
  8 endoplasms
  2 giant cockroaches
  2 hobgoblins (D:1)
  4 kobolds
  3 bats
  5 frilled lizards
  2 goblins (D:2)
  3 rats (D:1)
38 creatures vanquished.

Vanquished Creatures (others)
  113 foxfires
113 creatures vanquished.

Grand Total: 151 creatures vanquished

Notes
Turn   | Place    | Note
-------+----------+-------------------------------------------
     0 | D:1      | cheesebisquit the Draconian Fire Elementalist began the
                  | quest for the Orb.
     0 | D:1      | Reached XP level 1. HP: 14/14 MP: 3/3
   124 | D:1      | Reached skill level 1 in Fighting
   216 | D:1      | Reached XP level 2. HP: 24/24 MP: 1/5
   980 | D:2      | Reached XP level 3. HP: 30/30 MP: 3/6
  1216 | D:2      | Noticed Terence
  1236 | D:2      | Killed Terence
  1237 | D:2      | Reached XP level 4. HP: 14/38 MP: 2/8
  1776 | D:2      | Noticed Natasha
  1790 | D:2      | Killed from afar by Natasha

Illustrated notes

Levels and vault maps discovered:
D:1:      scummos_arrival_star, layout_loops_cross
D:2:      layout_loops_ring, uniq_terence, uniq_natasha

Skill      XL: |  1  2  3  4 |
---------------+-------------+-----
Fighting       | 1 2 3 |  3.1
Spellcasting   | 3 |  3.0
Dodging        | |  1.7
Stealth        | |  1.7
Conjurations   | |  1.0
Fire Magic     | |  3.0

Action                     |  1- 3 |  4- 6 || total
---------------------------+-------+-------++-------
  Melee: Unarmed           |    15 |       ||    15
         Tailslap          |     1 |     2 ||     3
         Whip              |     9 |    15 ||    24
   Cast: Foxfire           |    53 |    12 ||    65
    Use: Potion            |     1 |       ||     1
 Armour: Skin              |    16 |     8 ||    24
  Dodge: Dodged            |    20 |    21 ||    41

Table legend: (Time is in decaauts)
 A = Elapsed time spent in this place.
 B = Non-inter-level travel time spent in this place.
 C = Inter-level travel time spent in this place.
 D = Time resting spent in this place.
 E = Time spent auto-exploring this place.
 F = Levels seen in this place.
 G = Mean time per level.
                   A        B        C        D        E       F      G
               +--------+--------+--------+--------+--------+-----+--------+
         Total |   1793 |   1777 |     16 |      0 |   1504 |   2 |  896.5 |
       Dungeon |   1793 |   1777 |     16 |      0 |   1504 |   2 |  896.5 |
               +--------+--------+--------+--------+--------+-----+--------+

Top non-repeatable levels by time:
     D:2: 902 daAuts
     D:1: 891 daAuts
